 Dungeon Crawl Stone Soup version 0.31-a0-230-g09eb5fc4d3 (webtiles) character file.

Game seed: 17625214531220925886

28 qw the Shooter (level 3, -2/21 HPs)
             Began as a Gargoyle Hexslinger on July 6, 2023.
             Slain by a goblin
             ... wielding a +0 dagger
             ... led by Robin
              (3 damage)
             ... on level 2 of the Dungeon.
             The game lasted 00:00:23 (915 turns).

qw the Shooter (Gargoyle Hexslinger)                 Turns: 915, Time: 00:00:24

Health: -2/21      AC:  7    Str: 11    XL:     3   Next: 14%
Magic:  4/4        EV: 11    Int: 13    God:
Gold:   74         SH:  0    Dex: 14    Spells: 3/4 levels left

rFire   . . .        Y - +1 sling
rCold   . . .        (no shield)
rNeg    + . .        d - +0 leather armour
rPois   inf          (no helmet)
rElec   +            (no cloak)
rCorr   .            h - +0 pair of gloves
SInv    +            (no boots)
Will    .....        (no amulet)
Stlth   +            n - ring of see invisible
HPRegen 0.23/turn    (no ring)
MPRegen 0.09/turn

%: no passive effects
@: no status effects
A: sickness immunity, AC +3, negative energy resistance 1, electricity
resistance, torment resistance 1, petrification resistance
a: no special abilities


You were on level 2 of the Dungeon.
You visited 1 branch of the dungeon, and saw 2 of its levels.

You collected 74 gold pieces.


Innate Abilities, Weirdness & Mutations

You are immune to sickness and miasma.
Your stone body is resilient. (AC +3)
You are immune to poison.
You resist negative energy. (rN+)
You are resistant to electric shocks. (rElec)
You are resistant to unholy torment.
You are immune to petrification.


   Skills:
 - Level 2.0 Fighting
 + Level 3.1 Ranged Weapons
 - Level 1.5 Dodging
 - Level 1.0 Spellcasting
 - Level 2.6 Hexes


You had 3 spell levels left.
You knew the following spells:

 Your Spells              Type           Power      Damage    Failure   Level
a - Slow                  Hex            28%        N/A       12%         1

Your spell library contained the following spells:

 Spells                   Type           Power      Damage    Failure   Level
 Inner Flame              Hex/Fire       4%         N/A       54%         3
 Portal Projectile        Hex/Tloc       8%         N/A       54%         3
 Cause Fear               Hex            3%         N/A       77%         4

Inventory:

Hand Weapons
 Y - a +1 sling (weapon)
Armour
 d - a +0 leather armour (worn)
 h - a +0 pair of gloves (worn)
Jewellery
 i - a ring of ice
 n - a ring of see invisible (left hand)
Potions
 e - a potion of attraction {unknown}
 g - a potion of lignification {unknown}
 k - a potion of degeneration {unknown}
 l - a potion of curing {unknown}
 m - a potion of haste {unknown}

Dungeon Overview and Level Annotations

Branches:
Dungeon (2/15)

Altars:

Annotations:
D:2 Robin


Message History

You kill the goblin!
You hear a shout!
Robin roars a battlecry!
The goblins go into a battle-frenzy!
A goblin comes into view. It is wielding a +0 dagger. x2
You shoot a sling bullet.
The sling bullet closely misses the goblin.
Robin throws the goblin at you! The goblin hits you but does no damage.
You shoot a sling bullet.
The sling bullet closely misses the goblin.
The goblin completely misses you.
You shoot a sling bullet. The sling bullet hits the goblin.
The goblin is moderately wounded.
The goblin hits you with a +0 dagger. The goblin completely misses you.
You shoot a sling bullet.
The sling bullet closely misses the goblin.
The goblin hits you with a +0 dagger.
The goblin hits you but does no damage. x2
The goblin barely misses you. x3
You shoot a sling bullet.
The sling bullet closely misses the goblin.
The goblin barely misses you. The goblin hits you with a +0 dagger.
The goblin closely misses you. The goblin misses you.
You shoot a sling bullet. The sling bullet hits the goblin.
You kill the goblin!
The hobgoblin closely misses you. The goblin closely misses you.
You shoot a sling bullet.
The sling bullet closely misses the goblin.
The goblin hits you but does no damage. The hobgoblin barely misses you.
Robin throws the goblin at you! The goblin barely misses you.
The goblin closely misses you. x2
Robin hits you from afar with a +0 spear.
The goblin hits you with a +0 dagger. The goblin hits you but does no damage.
The goblin barely misses you. The goblin hits you but does no damage.
The hobgoblin barely misses you. The goblin hits you but does no damage.
You shoot a sling bullet.
The sling bullet completely misses the hobgoblin.
The hobgoblin hits you. Robin hits you but does no damage.
The hobgoblin hits you but does no damage.
The goblin barely misses you.
The goblin hits you with a +0 dagger. x3
You die...

#.......) #)....... ###
#.....).. .. #........
#.##........ #..#.g..)...
....... ##.#gg...... ......
+..g@g...... .....
##.ggg...... ....#
##.#######. ....#
#.#######.#####
....###.##..........##
......#.##...........###
....#.#.##.............##
#.....#.##.......)......###
%<....#.###########.......+


You could see Robin, 2 hobgoblins and 5 goblins.

Vanquished Creatures
  3 endoplasms (D:1)
  6 goblins
  3 hobgoblins (D:1)
  3 jackals (D:2)
  A bat (D:1)
  2 frilled lizards (D:1)
  4 kobolds
  4 rats (D:1)
26 creatures vanquished.

Notes
Turn   | Place    | Note
-------+----------+-------------------------------------------
     0 | D:1      | qw the Gargoyle Hexslinger began the quest for the Orb.
     0 | D:1      | Reached XP level 1. HP: 12/12 MP: 2/2
     0 | D:1      | 0 ||| qw: Version: 0.3-a-46-gb1f654a
     0 | D:1      | 0 ||| qw: Game counter: 1770
     0 | D:1      | 0 ||| qw: Melee chars always use a shield: true
     0 | D:1      | 0 ||| qw: God list: Okawaru
     0 | D:1      | 0 ||| qw: Allow faded altars: false
     0 | D:1      | 0 ||| qw: Do Orc after clearing Dungeon:15 true
     0 | D:1      | 0 ||| qw: Do second Lair branch before Depths: true
     0 | D:1      | 0 ||| qw: Lair rune preference: random
     0 | D:1      | 0 ||| qw: Goals: Normal
     0 | D:1      | 0 ||| PLANNING D:1-11
   241 | D:1      | 241 ||| FLEEEEING.
   242 | D:1      | 242 ||| FLEEEEING.
   243 | D:1      | 243 ||| FLEEEEING.
   244 | D:1      | 244 ||| FLEEEEING.
   245 | D:1      | 245 ||| FLEEEEING.
   246 | D:1      | 246 ||| FLEEEEING.
   247 | D:1      | 247 ||| FLEEEEING.
   248 | D:1      | 248 ||| FLEEEEING.
   249 | D:1      | 249 ||| FLEEEEING.
   250 | D:1      | 250 ||| FLEEEEING.
   251 | D:1      | 251 ||| FLEEEEING.
   279 | D:1      | Reached XP level 2. HP: 16/16 MP: 3/3
   286 | D:1      | Found a faded altar of an unknown god.
   590 | D:1      | Reached skill level 3 in Ranged Weapons
   771 | D:1      | 771 ||| UPGRADING to +0 leather armour.
   781 | D:1      | 781 ||| DROPPING +0 robe.
   782 | D:1      | 782 ||| UPGRADING to +0 pair of gloves.
   787 | D:1      | 787 ||| UPGRADING to ring of see invisible.
   788 | D:1      | 788 ||| READING scroll labelled ANIOG EWKOFYU.
   801 | D:1      | 801 ||| READING scroll labelled YSOADW PAODAS.
   805 | D:1      | 805 ||| DROPPING scroll of poison.
   892 | D:2      | Reached XP level 3. HP: 21/21 MP: 4/4
   906 | D:2      | Identified the +5 helmet of Gravity {rF+}
   906 | D:2      | Noticed Robin
   915 | D:2      | HP: 1/21 [goblin/+0 dagger[Robin] (5)]
   915 | D:2      | Slain by a goblin

Levels and vault maps discovered:
D:1:      dpeg_chamrin_arrival_tetris, layout_loops_cross,
          shapermc_ecumenical_altar_flowoftime
D:2:      layout_basic, uniq_sigmund, uniq_natasha, uniq_robin, uniq_terence

Skill      XL: |  1  2 |
---------------+-------+-----
Ranged Weapons | 3 |  3.1
Fighting       | 2 |  2.0
Dodging        | |  1.5
Spellcasting   | |  1.0
Hexes          | |  2.6

Action                     || total
---------------------------++-------
   Fire: Sling             ||    87
    Use: Scroll            ||     2
 Armour: Robe              ||     6
         Leather armour    ||    12
  Dodge: Dodged            ||    40

Table legend:
 A = Non-vault XP
 B = Vault XP
 C = Vault XP percentage of total XP
 D = Non-vault monster count
 E = Vault monster count
 F = Vault count percentage of total count
                 A         B        C        D         E       F
            +---------+---------+-------+---------+---------+-------
      Total |      35 |       6 |  14.6 |      23 |       3 |  11.5
            +---------+---------+-------+---------+---------+-------
        D:1 |      26 |       0 |   0.0 |      18 |       0 |   0.0
        D:2 |       9 |       6 |  40.0 |       5 |       3 |  37.5
            +---------+---------+-------+---------+---------+-------
